 Dungeon Crawl Stone Soup version 0.20-a0-941-gba1b1f9 (webtiles) character file.

127 Amnesiac the Conjurer (level 4, -2/24 HPs)
             Began as a Deep Elf Venom Mage on Apr 1, 2017.
             Slain by winWinterter's ghost (4 damage)
             ... on level 3 of the Dungeon.
             The game lasted 00:06:56 (3916 turns).

Amnesiac the Conjurer (Deep Elf Venom Mage)         Turns: 3916, Time: 00:06:56

Health: -2/24      AC:  8    Str:  5    XL:     4   Next: 85%
Magic:  10/10      EV:  0    Int: 21    God:
Gold:   183        SH:  0    Dex: 15    Spells: 8/9 levels left

rFire    . . .     SeeInvis .   v - +1 whip (elec)
rCold    . . .     Gourm    .   (no shield)
rNeg     . . .     Faith    .   d - -1 chain mail (curse)
rPois    .         Spirit   .   (no helmet)
rElec    .         Reflect  .   (no cloak)
rCorr    .         Harm     .   (no gloves)
MR       .....                  u - +0 pair of boots
Stlth    ..........             (no amulet)
Regen    0.1/turn               (no ring)
MPRegen  0.2/turn               (no ring)

@: no status effects
A: no striking features
a: no special abilities


You were on level 3 of the Dungeon.
You were not hungry.

You visited 1 branch of the dungeon, and saw 3 of its levels.

You collected 183 gold pieces.

Inventory:

Hand Weapons
 e - a +0 hand axe
 j - a +0 short sword
 p - a +0 spear
 t - a +0 rapier
 v - a +1 whip of electrocution (weapon)
Armour
 a - a +0 robe
 d - a cursed -1 chain mail (worn)
 g - a +0 plate armour
 u - a +0 pair of boots (worn)
 w - a +0 cloak
Magical Staves
 q - an uncursed staff of earth {unknown}
Scrolls
 f - a scroll of fear
 m - a scroll of identify
 n - a scroll of teleportation
Potions
 h - 3 potions of flight
 i - a potion of cancellation
 o - a potion of curing {unknown}
 r - a potion of lignification {unknown}
Books
 b - a Young Poisoner's Handbook

   Spells                             Type                      Level
   a - Sting                          Conjuration/Poison           1
   b - Poisonous Vapours              Poison/Air                   2
   c - Mephitic Cloud                 Conjuration/Poison/Air       3
   d - Olgreb's Toxic Radiance        Poison                       4
   e - Venom Bolt                     Conjuration/Poison           5
Comestibles
 c - 2 bread rations
 k - 4 chunks of flesh
 l - 4 fruits
 s - a meat ration


   Skills:
 - Level 2.4 Dodging
 - Level 2.4 Stealth
 - Level 3.0 Spellcasting
 + Level 5.2 Conjurations
 - Level 3.2 Poison Magic


You had 8 spell levels left.
You knew the following spells:

 Your Spells              Type           Power        Failure   Level  Hunger
a - Sting                 Conj/Pois      ###.         100%        1    None


Dungeon Overview and Level Annotations

Branches:
Dungeon (3/15)

Altars:
Dithmenos
Okawaru
Ru
Vehumet

Annotations:
D:3 winWinterter's ghost, amateur DsGl


Message History

k - 4 chunks of flesh (gained 1)
You see here a club. x2
A hobgoblin and a player ghost come into view.
The hobgoblin shouts!
WinWinterter's ghost moves out of view.
Found a cloak.
A hobgoblin is nearby!
A hobgoblin is nearby!
A hobgoblin is nearby!
WinWinterter's ghost hits you!
Ouch! That really hurt!
* * * LOW HITPOINT WARNING * * *
You see here a cloak.
w - a cloak WinWinterter's ghost hits you but does no damage.
WinWinterter's ghost hits you.
* * * LOW HITPOINT WARNING * * *
Your chain mail prevents you from hitting the hobgoblin.
WinWinterter's ghost hits you.
You die...

## #.## #... .. ... ..#. ##
#. #.# ##...... #.##.# ..#
..## #...<# ##.##...###
##..######.........
#....)......##..## #
###...#######W##$.?#
.##....## #.@g...##
.......##### ####.#..##
...........# #.....#
........##.########.#..###
..(.............).#.##...###
.......###.######....).....#
.##...## # ###.###...... #
###.# #..# ..#.. #.# ##..#
.#


You could see winWinterter's ghost and a hobgoblin.

Vanquished Creatures
  An orc wizard (D:2)
  An adder (D:3)
  A shadow imp (D:3)
  An ooze (D:2)
  3 dart slugs
  2 leopard geckos (D:3)
  An orc (D:3)
  5 giant cockroaches
  10 goblins
  7 hobgoblins
  3 jackals (D:2)
  A ball python (D:1)
  6 bats
  4 frilled lizards
  12 kobolds
  9 rats
67 creatures vanquished.

Vanquished Creatures (others)
  A kobold (D:2)
1 creature vanquished.

Grand Total: 68 creatures vanquished

Notes
Turn   | Place    | Note
-------+----------+-------------------------------------------
     0 | D:1      | Amnesiac the Deep Elf Venom Mage began the quest for the Orb.
     0 | D:1      | Reached XP level 1. HP: 10/10 MP: 6/6
   416 | D:1      | Reached skill level 2 in Conjurations
   502 | D:1      | Reached XP level 2. HP: 6/15 MP: 8/8
  1328 | D:1      | Reached skill level 3 in Conjurations
  1673 | D:1      | Reached XP level 3. HP: 10/19 MP: 9/9
  1876 | D:2      | Found a sacrificial altar of Ru.
  1905 | D:2      | Reached skill level 4 in Conjurations
  2240 | D:2      | Reached XP level 4. HP: 17/24 MP: 10/10
  2478 | D:2      | Found a radiant altar of Vehumet.
  2544 | D:2      | Found an iron altar of Okawaru.
  3127 | D:2      | Found a shadowy altar of Dithmenos.
  3638 | D:3      | Reached skill level 5 in Conjurations
  3910 | D:3      | Noticed winWinterter's ghost (amateur DsGl)
  3916 | D:3      | Slain by winWinterter's ghost

Vault maps used:
D:1:      co_arrival_square_in_a_square_in_a_square
D:2:      fiery_altar_vehumet, nicolae_ru_great_annihilating_truth,
          grunt_dithmenos_smoke, kennysheep_okawaru_gauntlet
D:3:      first_bread, kennysheep_cross_room, uniq_crazy_yiuf_cottage

Skill      XL: |  1  2  3  4 |
---------------+-------------+-----
Conjurations   | 2 3 4 5 |  5.2
Dodging        | |  2.4
Stealth        | |  2.4
Spellcasting   | |  3.0
Poison Magic   | |  3.2

Action                   |  1- 3 |  4- 6 || total
-------------------------+-------+-------++-------
Melee: Hand axe          |    34 |       ||    34
       Unarmed           |     2 |       ||     2
       Short sword       |   144 |   119 ||   263
       Whip              |       |    69 ||    69
       Spear             |       |     5 ||     5
       Rapier            |       |     1 ||     1
 Cast: Sting             |     7 |       ||     7
  Use: Scroll            |     2 |     3 ||     5
       Potion            |       |     4 ||     4
 Stab: Paralysed         |     2 |       ||     2
  Eat: Chunk             |     4 |     6 ||    10
Armor: Chain mail        |   127 |   161 ||   288
       Robe              |     1 |       ||     1
Dodge: Dodged            |    11 |     8 ||    19
